 Seeded DCSS version 0.31-a0-507-gbafd7f5274 (webtiles) character file.

Game seed: 11267003436938285035 (custom seed)

6 innerfire43 the Ruffian (level 1, 0/17 HPs)
             Began as a Gnoll Shapeshifter on Aug 9, 2023.
             Slain by a jackal (2 damage)
             ... on level 1 of the Dungeon.
             The game lasted 00:00:09 (44 turns).

innerfire43 the Ruffian (Gnoll Shapeshifter)          Turns: 44, Time: 00:00:09

Health: 0/17       AC:  2    Str: 14    XL:     1   Next: 90%
Magic:  1/1        EV: 13    Int:  7    God:
Gold:   0          SH:  0    Dex: 12    Spells: 0/0 levels left

rFire   . .          .
                       - Unarmed
rCold   . . .        (shield currently unavailable)
rNeg    . . .        a - +0 animal skin
rPois   .            (no helmet)
rElec   .            (no cloak)
rCorr   .            (no gloves)
SInv    .            (no boots)
Will    .....        (no amulet)
Stlth   +            (no ring)
HPRegen 0.22/turn    (no ring)
MPRegen 0.07/turn

%: no passive effects
@: flux-form, glowing
A: glow, contaminating, fangs 1, strong nose, distributed training
a: Begin Untransformation


You were on level 1 of the Dungeon.
You were something dangerously unstable.
You visited 1 branch of the dungeon, and saw 1 of its levels.

Inventory:

Armour
 a - a +0 animal skin (worn)
Jewellery
 e - a +4 ring of protection
Talismans
 c - a beast talisman
 d - a flux talisman (active)
Potions
 b - a potion of lignification
 f - a potion of brilliance {unknown}


   Skills:
 + Level 2.4 Fighting
 + Level 0.2 Short Blades
 + Level 0.2 Long Blades
 + Level 0.2 Axes
 + Level 0.2 Maces & Flails
 + Level 0.2 Polearms
 + Level 0.2 Staves
 + Level 0.2 Ranged Weapons
 + Level 0.2 Throwing
 + Level 0.2 Armour
 + Level 4.4 Dodging
 + Level 0.2 Stealth
 + Level 0.2 Shields
 + Level 6.4 Unarmed Combat
 + Level 0.2 Spellcasting
 + Level 0.1 Conjurations
 + Level 0.1 Hexes
 + Level 0.1 Summonings
 + Level 0.1 Necromancy
 + Level 0.1 Translocations
 + Level 0.1 Transmutations
 + Level 0.1 Fire Magic
 + Level 0.1 Ice Magic
 + Level 0.1 Air Magic
 + Level 0.1 Earth Magic
 + Level 0.1 Poison Magic
 + Level 0.3 Invocations
 + Level 0.2 Evocations
 + Level 6.4 Shapeshifting


You couldn't memorise any spells.
You didn't know any spells.
Your spell library was empty.

Dungeon Overview and Level Annotations

Branches:
Dungeon (1/15)

Altars:


Innate Abilities, Weirdness & Mutations

You are something dangerously unstable.
You glow with magical radiation, making you easy to see and hit.
Foes you strike become dangerously contaminated with magical radiation.
You are incapable of wielding weapons or throwing items.
You have very sharp teeth.
Your uncanny sense of smell can sniff out nearby items.
Your experience applies equally to all skills.


Message History

There are monsters nearby!
You hit the frilled lizard.
You kill the frilled lizard!
The jackal closely misses you. The jackal misses you.
The endoplasm hits you but does no damage.
There are monsters nearby!
You hit the jackal.
The jackal begins to glow.
The jackal is moderately wounded.
The jackal barely misses you. The jackal completely misses you.
The jackal bites you. The jackal closely misses you.
The endoplasm attacks as you move away! The endoplasm misses you.
The jackal bites you but does no damage.
The jackal misses you.
You see here 8 stones.
You hit the jackal but do no damage.
The jackal glows dangerously bright.
The jackal is moderately wounded.
The jackal completely misses you. The endoplasm freezes you.
You are frozen.
The jackal misses you.
You barely miss the jackal.
The jackal is moderately wounded.
The jackal bites you. x2
* * * LOW HITPOINT WARNING * * *
The endoplasm misses you. The jackal barely misses you. x2
You hit the jackal.
You kill the jackal!
The endoplasm hits you but does no damage.
The jackal bites you.
* * * LOW HITPOINT WARNING * * *
Unknown command.
Unknown command.
You hit the endoplasm.
The endoplasm begins to glow.
The endoplasm is severely wounded.
The jackal closely misses you. The endoplasm barely misses you.
You hit the endoplasm.
You kill the endoplasm!
The jackal bites you.
* * * LOW HITPOINT WARNING * * *
The jackal bites you.
You die...

.. .. ~~ ~ .. ~~♣♣ ♣~~ ~
.##.##♣♣♣♣P~♣♣~~ P♣
.#.......#P~♣.##..~♣♣P~.
.#........>......##.....
.........#..............
.........#......(†# .
...............#Bh#....
........(...........#
#.............###.##..#
.........#.##..# ... ...
##.####....##?.........#
#.## #>..###..........#
##.# #.#.# #......$...
#.## #.#.# #........."
##.# #.... ........#


You could see a jackal.

Vanquished Creatures
  A dart slug (D:1)
  An endoplasm (D:1)
  A jackal (D:1)
  A frilled lizard (D:1)
4 creatures vanquished.

Notes
Turn   | Place    | Note
-------+----------+-------------------------------------------
     0 | D:1      | innerfire43 the Gnoll Shapeshifter began the quest for the
                  | Orb.
     0 | D:1      | Reached XP level 1. HP: 17/17 MP: 1/1
    44 | D:1      | Slain by a jackal

Illustrated notes

Levels and vault maps discovered:
D:1:      reono_arrival_mine, layout_rooms, serial_bayou_lagoon_b

Action                     || total
---------------------------++-------
  Melee: Unarmed           ||    13
         Bite              ||     2
 Armour: Animal skin       ||     4
  Dodge: Dodged            ||    19
   Form: Flux              ||     1

Table legend: (Time is in decaauts)
 A = Elapsed time spent in this place.
 B = Non-inter-level travel time spent in this place.
 C = Inter-level travel time spent in this place.
 D = Time resting spent in this place.
 E = Time spent auto-exploring this place.
 F = Levels seen in this place.
 G = Mean time per level.
                   A        B        C        D        E       F      G
               +--------+--------+--------+--------+--------+-----+--------+
         Total |     42 |     42 |      0 |      0 |     13 |   1 |   42.0 |
       Dungeon |     42 |     42 |      0 |      0 |     13 |   1 |   42.0 |
               +--------+--------+--------+--------+--------+-----+--------+

Top non-repeatable levels by time:
     D:1: 42 daAuts
